 Dungeon Crawl Stone Soup version 0.16.1-29-g3e760ad (webtiles) character file.

52397 Miyamura the Spear-Bearer (level 14, -2/135 HPs)
             Began as a Merfolk Ice Elementalist on June 3, 2015.
             Was the Champion of Okawaru.
             Slain by Snorg (8 damage)
             ... on level 1 of the Orcish Mines on June 10, 2015.
             The game lasted 02:58:04 (27204 turns).

Miyamura the Spear-Bearer (MfIE)                   Turns: 27204, Time: 02:58:04

Health: -2/135     AC:  8    Str: 16    XL:     14   Next: 63%
Magic:  28/35      EV: 15    Int: 19    God:    Okawaru [******]
Gold:   1424       SH:  0    Dex: 15    Spells: 8 memorised, 2 levels left

rFire  . . .     SeeInvis +     a - melded +2 trident (flame)
rCold  . . .     Clarity  .     x - melded +3 leather armour {rC+}
rNeg   . . .     SustAb   .     g - melded +4 buckler of the Trees {+Inv rCorr}
rPois  +         Gourm    .     u - melded +2 helmet {Int+3}
rElec  .         Spirit   .     G - melded +1 cloak
rCorr  .         Warding  .     z - melded +2 pair of gloves {rF+}
rMut   .         Stasis   .     P - melded +2 pair of boots {Stlth+}
MR     ++...                    A - amulet of regeneration
Stlth  ++........               y - ring of magical power
                                R - ring of wizardry

@: about to teleport, hydra-form (expiring), very resistant to hostile
enchantments, unstealthy
A: (change form in water), (swift swim), see invisible, low mp 2, magic
resistance 1, evolution 1
a: End Transformation, Heroism, Finesse, Renounce Religion


You were on level 1 of the Orcish Mines.
You worshipped Okawaru.
Okawaru was exalted by your worship.
You were not hungry.
You were a 19-headed hydra.
You visited 4 branches of the dungeon, and saw 21 of its levels.
You also visited: Labyrinth and Volcano.

You collected 1773 gold pieces.
You spent 349 gold pieces at shops.

Inventory:

Hand weapons
 a - a +2 trident of flaming (melded)
Armour
 g - the +4 buckler of the Trees (melded) {+Inv rCorr}
   (You acquired it on level 2 of the Lair of Beasts)

   It lets you turn invisible.
   It protects you from acid and corrosion.
 q - a +2 hat of see invisible
 u - a +2 helmet of intelligence (melded)
 x - a +3 leather armour of cold resistance (melded)
 z - a +2 pair of gloves of fire resistance (melded)
 G - a +1 cloak (melded)
 P - a +2 pair of boots of stealth (melded)
Jewellery
 n - an uncursed ring of protection from magic
 y - a ring of magical power (right foreclaw)
 A - an amulet of regeneration (around neck)
 D - an uncursed ring of positive energy
 J - an uncursed ring of sustain abilities
 R - a ring of wizardry (left foreclaw)
 W - an uncursed ring of teleportation
 Y - an uncursed ring of poison resistance
 Z - an uncursed ring of teleport control
Magical devices
 s - a wand of lightning (4)
 B - a wand of disintegration (14)
 M - a wand of fire (6)
 X - a wand of draining (5)
Scrolls
 e - 7 scrolls of remove curse
 h - 5 scrolls of amnesia
 k - 3 scrolls of fog
 o - 3 scrolls of enchant weapon
 r - 8 scrolls of teleportation
 v - a scroll of recharging
 I - 3 scrolls of magic mapping
 N - 2 scrolls of enchant armour
 O - a scroll of silence
Potions
 f - 2 potions of heal wounds
 l - 4 potions of resistance
 p - 5 potions of curing
 t - 2 potions of berserk rage
 C - 4 potions of might
 E - 2 potions of brilliance
 F - 6 potions of cancellation
 H - 3 potions of haste
 Q - 2 potions of agility
 V - 3 potions of restore abilities
Miscellaneous
 i - an ornate deck of war {Fortitude, drawn: 1}
Comestibles
 c - 12 bread rations
 m - 8 meat rations


   Skills:
 + Level 7.7 Fighting
 - Level 14.0 Polearms
 + Level 13.9 Dodging
 - Level 4.0 Stealth
 + Level 5.1 Shields
 + Level 11.9 Spellcasting
 - Level 0.7 Conjurations
 - Level 6.0 Summonings
 + Level 10.0 Transmutations
 - Level 10.0 Ice Magic


You had 2 spell levels left.
You knew the following spells:

 Your Spells              Type           Power        Failure   Level  Hunger
a - Ozocubu's Armour      Chrm/Ice       ####....     1%          3    None
b - Condensation Shield   Ice            #####.....   1%          4    ##.....
c - Throw Icicle          Conj/Ice       ####....     4%          4    ##.....
d - Hydra Form            Trmt           #####.....   7%          6    ######.
e - Monstrous Menagerie   Summ           ####......   45%         6    ######.
f - Freeze                Ice            ####         1%          1    None
h - Haste                 Chrm           ##......     100%        6    ######.
s - Summon Ice Beast      Ice/Summ       #####...     1%          4    ##.....


Dungeon Overview and Level Annotations

Branches:
Dungeon (11/15)            Temple (1/1) D:6            Lair (8/8) D:11
 Shoals (0/5) Lair:4        Snake (0/5) Lair:3        Slime (0/6) Lair:7
    Orc (1/4) D:11

Altars:
Ashenzari
Cheibriados
Dithmenos
Elyvilon
Fedhas
Gozag
Kikubaaqudgha
Makhleb
Nemelex Xobeh
Okawaru
Qazlal
Ru
Sif Muna
Trog
Vehumet
Xom
Yredelemnul
Zin
The Shining One

Shops:
D:9 *:(*

Annotations:
D:2 Terence
D:4 dgdfg's ghost, average HOFi
Orc:1 Snorg


Innate Abilities, Weirdness & Mutations

((You revert to your normal form in water.))
((You are very nimble and swift while swimming.))
You have supernaturally acute eyesight.
Your magical capacity is very low (-20% MP).
You are resistant to hostile enchantments.
You evolve.


Message History

You feel much better. Snorg barely misses you. Snorg completely misses you.
Snorg closely misses you.
Drink which item? (? for menu, Esc to quit)
You feel much better.
Your transformation is almost over.
Snorg bites you!
* * * LOW HITPOINT WARNING * * *
Snorg barely misses you. Snorg claws you.
* * * LOW HITPOINT WARNING * * *
Snorg rips one of your heads off!
You grow two more!
Snorg closely misses you. Snorg closely misses you. Snorg claws you!
* * * LOW HITPOINT WARNING * * *
Snorg rips one of your heads off!
You grow two more!
Drink which item? (? for menu, Esc to quit)
You feel much better. Snorg bites you!
* * * LOW HITPOINT WARNING * * *
Snorg claws you!
* * * LOW HITPOINT WARNING * * *
Snorg rips one of your heads off!
You grow two more!
Snorg claws you!
You die...

...................
...........#.........
...........)))........
.........^..)).........
..........(.$..........
.......................
.................#....#
#...............$.....
#.....TD......##.#..#
##....[)..##.## ..##
##....####### .# #.....
##.#.. ####. #. .. .


You could see Snorg (berserk).

Vanquished Creatures
  Gastronok (Lair:2)
  A minotaur (Lab)
  A fire dragon (Lair:8)
  A hydra (Lair:8)
  A necromancer (Lair:6)
  Pikel (D:6)
  An unseen horror (D:9)
  A lindwurm (Volcano)
  A griffon (Lair:4)
  An oklob plant (Lair:7)
  8 black mambas
  A siren (Lair:4)
  9 elephants
  A torpor snail (Lair:4)
  A centaur skeleton (D:11)
  11 spiny frogs
  3 molten gargoyles (Volcano)
  A gargoyle (Volcano)
  6 komodo dragons
  4 fire drakes
  4 fire vortices (Volcano)
  17 blink frogs
  2 fire elementals (Volcano)
  3 basilisks
  A deep elf mage (D:9)
  A wyvern (Lair:5)
  9 hippogriffs
  2 steam dragons (Lair:8)
  27 yaks
  7 wolves
  A mottled dragon (D:11)
  2 nagas (Lair:3)
  10 porcupines
  2 ogres
  14 water moccasins
  4 orc warriors
  6 sky beasts
  3 slaves (D:6)
  2 black bears
  An ice beast (D:10)
  A phantom (D:9)
  3 swamp drakes (Lair:8)
  5 boring beetles
  2 centaurs
  A big kobold (D:11)
  13 crocodiles
  16 giant frogs
  A scorpion (D:11)
  3 wights
  6 electric eels
  3 crimson imps
  A basilisk zombie (Lair:6)
  2 centaur zombies
  A jelly (D:6)
  8 orc priests
  A giant frog skeleton (D:7)
  12 hounds
  2 giant frog zombies
  8 iguanas
  A gnoll shaman (D:7)
  Natasha (thrice) (D:3)
  6 worker ants
  9 orc wizards
  A crocodile zombie (Lair:6)
  8 sheep
  3 worker ant zombies
  6 gnolls (D:7)
  33 adders
  10 river rats
  A shadow imp (D:7)
  A giant mite (D:2)
  6 worms
  2 adder skeletons
  3 giant geckos
  65 orcs
  A ball python (D:2)
  12 goblins
  13 hobgoblins
  13 jackals
  22 kobolds
  14 quokkas
  17 bats
  7 giant cockroaches
  2 giant gecko skeletons (D:4)
  3 giant newts
  A giant spore (D:11)
  A quokka zombie (D:5)
  12 rats
  7 ballistomycetes
  A plant (Lair:7)
546 creatures vanquished.

Vanquished Creatures (collateral kills)
  6 hydras
  2 hill giants (D:10)
  A gargoyle (D:9)
  A komodo dragon (Lair:1)
  2 trolls (D:11)
  A fire drake (shapeshifter) (D:9)
  12 blink frogs
  A basilisk (Lair:2)
  A deep elf mage (D:9)
  12 yaks
  3 wolves (Lair:4)
  A hippogriff (D:9)
  A swamp drake (Lair:8)
  An ice beast (D:5)
  An eye of draining (D:9)
  A boring beetle (D:11)
  A centaur (D:9)
  An ogre (D:9)
  2 giant frogs
  7 wights
  2 killer bees (D:9)
  A goliath beetle (D:11)
  A jelly (D:9)
  2 hounds
  An orc priest (D:8)
  3 iguanas
  4 orc wizards
  4 sheep
  A worker ant (D:9)
  16 river rats
  3 adders
  6 orcs
  4 quokkas
  A rat (Lair:2)
  9 ballistomycetes
  A plant (Lair:8)
117 creatures vanquished.

Vanquished Creatures (others)
  39 ice beasts
  An orc (D:6)
  2 giant spores
  2 fungi (Lair:8)
  A plant (Lair:8)
45 creatures vanquished.

Grand Total: 708 creatures vanquished

Notes
Turn   | Place    | Note
--------------------------------------------------------------
     0 | D:1      | Miyamura, the Merfolk Ice Elementalist, began the quest for the Orb.
     0 | D:1      | Reached XP level 1. HP: 13/13 MP: 3/3
   305 | D:1      | Reached XP level 2. HP: 19/19 MP: 1/4
   911 | D:2      | HP: 1/20 [worm (10)]
  1753 | D:2      | Reached XP level 3. HP: 25/25 MP: 4/6
  1777 | D:2      | Learned a level 3 spell: Ozocubu's Armour
  1780 | D:2      | Noticed Terence
  2146 | D:2      | Reached skill level 1 in Fighting
  2146 | D:2      | Reached XP level 4. HP: 25/32 MP: 0/8
  2147 | D:2      | Noticed an orc warrior
  2609 | D:3      | Reached skill level 4 in Dodging
  2783 | D:3      | Found a snail-covered altar of Cheibriados.
  3285 | D:3      | Reached XP level 5. HP: 36/38 MP: 3/9
  3807 | D:3      | Reached XP level 6. HP: 32/44 MP: 4/12
  4052 | D:3      | Noticed Natasha
  4058 | D:3      | Killed Natasha
  4200 | D:3      | Noticed Natasha
  4206 | D:3      | Killed Natasha
  4206 | D:3      | Noticed Natasha
  4217 | D:3      | Killed Natasha
  4531 | D:4      | Learned a level 4 spell: Summon Ice Beast
  4576 | D:4      | Noticed dgdfg's ghost (average HOFi)
  5214 | D:4      | Reached XP level 7. HP: 52/52 MP: 14/14
  5385 | D:4      | Reached skill level 5 in Dodging
  5743 | D:4      | Reached skill level 1 in Summonings
  6066 | D:4      | Reached skill level 5 in Ice Magic
  6166 | D:5      | Entered Level 5 of the Dungeon
  6242 | D:5      | Found a bloodstained altar of Trog.
  6243 | D:5      | Found a burning altar of Makhleb.
  6245 | D:5      | Found a stormy altar of Qazlal.
  6246 | D:5      | Found a shattered altar of Ashenzari.
  6247 | D:5      | Found a shimmering altar of Xom.
  6247 | D:5      | Found an iron altar of Okawaru.
  6248 | D:5      | Found a sparkling altar of Nemelex Xobeh.
  6248 | D:5      | Found an ancient bone altar of Kikubaaqudgha.
  6376 | D:5      | Found a basalt altar of Yredelemnul.
  7008 | D:5      | Found a basalt altar of Yredelemnul.
  7736 | D:6      | Found a sacrificial altar of Ru.
  7845 | D:6      | Noticed Pikel
  7879 | D:6      | Killed Pikel
  7879 | D:6      | Reached skill level 6 in Dodging
  7879 | D:6      | Reached XP level 8. HP: 52/61 MP: 11/18
  7900 | D:6      | Learned a level 4 spell: Condensation Shield
  8667 | D:6      | Learned a level 4 spell: Throw Icicle
  8839 | D:6      | Reached skill level 7 in Dodging
  9007 | D:6      | Found a staircase to the Ecumenical Temple.
  9013 | Temple   | Entered the Ecumenical Temple
  9069 | Temple   | Upgraded the game from 0.16.1-28-gcc2312f to 0.16.1-29-g3e760ad
  9183 | D:5      | Became a worshipper of Warmaster Okawaru
  9556 | D:7      | Reached XP level 9. HP: 60/67 MP: 15/20
  9774 | D:7      | Reached skill level 5 in Fighting
  9820 | D:7      | Reached skill level 5 in Spellcasting
 10462 | D:7      | Reached skill level 1 in Polearms
 10874 | D:8      | Acquired Okawaru's first power
 11992 | D:9      | Found Suickut's General Store.
 11995 | D:9      | Bought a potion of might for 64 gold pieces
 11995 | D:9      | Bought a scroll of identify for 32 gold pieces
 11995 | D:9      | Bought a scroll of identify for 32 gold pieces
 11995 | D:9      | Bought a potion of cancellation for 128 gold pieces
 12023 | D:9      | Reached skill level 8 in Dodging
 12111 | D:9      | Found Suicwumore's Book Shop.
 12227 | D:9      | Found Nuxyucu's Assorted Antiques.
 12237 | D:9      | Bought a runed leather armour for 62 gold pieces
 12237 | D:9      | Bought a scroll labeled MNOPOS WECLUYWN for 31 gold pieces
 12459 | D:9      | Reached skill level 5 in Summonings
 12502 | D:9      | Noticed an orc knight
 12511 | D:9      | Noticed a fire crab
 12645 | D:9      | Reached XP level 10. HP: 50/74 MP: 16/24
 12646 | D:9      | Found Feorywea's Weapon Shop.
 12839 | D:9      | Killed an unseen horror
 12839 | D:9      | Reached skill level 5 in Polearms
 13199 | D:9      | Noticed a gargoyle
 13206 | D:9      | Killed a gargoyle
 13580 | D:9      | Learned a level 6 spell: Hydra Form
 13585 | D:10     | Entered Level 10 of the Dungeon
 13643 | D:10     | Noticed a hill giant
 13653 | D:10     | Killed a hill giant
 13653 | D:10     | Reached skill level 9 in Dodging
 13862 | D:10     | Received a gift from Okawaru
 14406 | D:10     | Noticed a hill giant
 14414 | D:10     | Killed a hill giant
 14844 | D:11     | Found a staircase to the Lair.
 14912 | D:11     | Reached skill level 11 in Polearms
 14912 | D:11     | Reached XP level 11. HP: 80/80 MP: 18/28
 14975 | D:11     | Reached XP level 12. HP: 80/86 MP: 22/29
 15061 | D:11     | Reached skill level 10 in Dodging
 15331 | D:11     | Acquired Okawaru's second power
 15535 | D:11     | Found a staircase to the Orcish Mines.
 15799 | Lair:1   | Entered Level 1 of the Lair of Beasts
 15832 | Lair:1   | Found a labyrinth entrance.
 15859 | Lab      | Entered a labyrinth
 16181 | Lab      | Noticed a minotaur
 16224 | Lab      | Killed a minotaur
 16278 | Lab      | Identified a cursed +1 rod of shadows (12/12) (You found it in a labyrinth)
 16485 | Lair:1   | Reached skill level 12 in Polearms
 17216 | Lair:2   | Noticed Gastronok
 17231 | Lair:2   | Killed Gastronok
 17286 | Lair:2   | Noticed a five-headed hydra
 17291 | Lair:2   | Killed a five-headed hydra
 17439 | Lair:2   | Reached skill level 10 in Spellcasting
 17487 | Lair:2   | Noticed a four-headed hydra
 17495 | Lair:2   | Killed a four-headed hydra
 17597 | Lair:2   | Identified a scroll of acquirement
 17599 | Lair:2   | Got a fine buckler
 17605 | Lair:2   | Identified the +4 buckler of the Trees {+Inv rCorr} (You acquired it on level 2 of the Lair of Beasts)
 17846 | Lair:2   | Reached skill level 10 in Ice Magic
 17859 | Lair:2   | Noticed a five-headed hydra
 17883 | Lair:2   | Reached skill level 1 in Transmutations
 17892 | Lair:2   | Killed a five-headed hydra
 18119 | Lair:3   | Noticed a six-headed hydra
 18345 | Lair:3   | Received a gift from Okawaru
 18524 | Lair:3   | Killed a six-headed hydra
 18524 | Lair:3   | Reached skill level 13 in Polearms
 18557 | Lair:3   | Got a jewelled glaive {god gift}
 18573 | Lair:3   | Identified the +11 glaive of Daeph {flame, MR- Str+5} (Okawaru gifted it to you on level 3 of the Lair of Beasts)
 18612 | Lair:3   | Got a pair of ancient gloves
 18623 | Lair:3   | Identified the -2 pair of gloves "Plog" {rPois rN++ Dex-3} (You acquired it on level 3 of the Lair of Beasts)
 18718 | Lair:3   | Found a staircase to the Snake Pit.
 18808 | Lair:3   | Identified a +3 rod of clouds (10/10) (You found it on level 3 of the Lair of Beasts)
 18955 | Lair:3   | Reached XP level 13. HP: 88/91 MP: 20/31
 19409 | Lair:4   | Reached skill level 5 in Transmutations
 19493 | Lair:4   | Gained mutation: Your magical capacity is low (-10% MP). [potion of mutation]
 19493 | Lair:4   | Gained mutation: You evolve. [potion of mutation]
 19493 | Lair:4   | Gained mutation: Your magical capacity is very low (-20% MP). [potion of mutation]
 19949 | Lair:4   | Received a gift from Okawaru
 20750 | Lair:4   | Found a staircase to the Shoals.
 21168 | Lair:5   | Reached skill level 14 in Polearms
 21408 | Lair:5   | Received a gift from Okawaru
 21524 | Lair:5   | Reached skill level 1 in Shields
 21688 | Lair:5   | Got a polished war axe
 21689 | Lair:5   | Identified the +1 war axe of the Establishment {chop, Noisy +Inv rElec Int+3 Stlth+} (You found it on level 5 of the Lair of Beasts)
 22751 | Lair:6   | Found a dark tunnel.
 22758 | Volcano  | Entered a volcano
 22796 | Volcano  | Gained mutation: You have supernaturally acute eyesight. [evolution]
 23323 | Lair:5   | Received a gift from Okawaru
 23497 | Lair:6   | Reached XP level 14. HP: 79/101 MP: 13/26
 24767 | Lair:7   | Learned a level 6 spell: Haste
 25023 | Lair:7   | Got a shimmering plate armour
 25034 | Lair:7   | Identified the +4 plate armour "Qinas" {Regen+} (You found it on level 7 of the Lair of Beasts)
 25174 | Lair:7   | Found a staircase to the Slime Pits.
 25385 | Lair:7   | Gained mutation: You are resistant to hostile enchantments. [evolution]
 25762 | Lair:8   | Entered Level 8 of the Lair of Beasts
 26673 | Lair:8   | Received a gift from Okawaru
 26677 | Lair:8   | Reached skill level 5 in Shields
 26737 | Lair:8   | Got a ripped robe {god gift}
 26748 | Lair:8   | Identified the -3 robe "Dotykli" {rF- rN+ MP-9 Int+5 Dex+5} (Okawaru gifted it to you on level 8 of the Lair of Beasts)
 26930 | Lair:5   | Reached skill level 10 in Transmutations
 27084 | Lair:1   | Learned a level 6 spell: Monstrous Menagerie
 27127 | Orc:1    | Entered Level 1 of the Orcish Mines
 27187 | Orc:1    | Noticed Snorg
 27201 | Orc:1    | HP: 4/135 [Snorg (18)]
 27204 | Orc:1    | Slain by Snorg

Action                   |  1- 3 |  4- 6 |  7- 9 | 10-12 | 13-15 || total
-------------------------+-------+-------+-------+-------+-------++-------
Melee: Unarmed           |     2 |    10 |       |       |    54 ||    66
       Spear             |       |    37 |   159 |       |       ||   196
       Trident           |       |       |    83 |   300 |   772 ||  1155
       Glaive            |       |       |       |     6 |       ||     6
 Cast: Freeze            |    61 |   134 |   248 |   283 |   391 ||  1117
       Ozocubu's Armour  |     1 |     3 |    14 |    28 |    57 ||   103
       Summon Ice Beast  |       |       |    27 |    67 |    45 ||   139
       Condensation Shie |       |       |     2 |     9 |       ||    11
       Throw Icicle      |       |       |     3 |     4 |     7 ||    14
       Hydra Form        |       |       |       |       |     7 ||     7
Evoke: Deck              |       |       |       |     1 |       ||     1
       Wand              |       |       |       |       |     5 ||     5
  Use: Scroll            |     4 |     4 |    15 |    17 |    10 ||    50
       Potion            |       |     1 |       |     1 |    10 ||    12
 Stab: Sleeping          |       |     2 |    10 |     7 |    20 ||    39
       Distracted        |       |       |     1 |     6 |     1 ||     8
       Confused          |       |       |       |       |     4 ||     4
  Eat: Chunk             |     3 |     9 |    23 |    29 |    25 ||    89
       Bread ration      |     1 |       |       |       |       ||     1
       Pizza             |       |       |     3 |       |     2 ||     5
       Meat ration       |       |       |     1 |       |       ||     1
       Fruit             |       |       |       |     1 |       ||     1
